 Dungeon Crawl Stone Soup version 0.23-b1-59-g586d0d887c (webtiles) character file.

Game seed: 17404197713733077645

122 Revguard the Chopper (level 5, 0/47 HPs)
             Began as a Naga Gladiator on Feb 5, 2019.
             Slain by Sigmund
             ... wielding a +0 scythe of venom
              (3 damage)
             ... on level 3 of the Dungeon.
             The game lasted 00:09:23 (2145 turns).

Revguard the Chopper (Naga Gladiator)               Turns: 2145, Time: 00:09:24

Health: 0/47       AC:  4    Str: 17    XL:     5   Next: 6%
Magic:  5/5        EV: 10    Int:  8    God:
Gold:   95         SH:  0    Dex: 13    Spells: 4/4 levels left

rFire    . . .     SeeInvis +   a - +0 war axe
rCold    . . .     Gourm    .   (no shield)
rNeg     . . .     Faith    .   b - +0 leather armour
rPois    +         Spirit   .   (helmet restricted)
rElec    .         Reflect  .   g - scarf {repulsion}
rCorr    .         Harm     .   (no gloves)
MR       .....                  (no barding)
Stlth    +.........             (no amulet)
HPRegen  0.15/turn              (no ring)
MPRegen  0.09/turn              (no ring)

@: lethally poisoned (0 -> -8), short of breath, flying, repel missiles, very
slow
A: large, antennae 1, rugged brown scales 1, see invisible, deformed body,
poison resistance, slowness 2, slow metabolism 1, spit poison 1, MP-powered
wands, AC +1
a: Spit Poison


You were on level 3 of the Dungeon.
You were very hungry.

You visited 1 branch of the dungeon, and saw 3 of its levels.

You collected 95 gold pieces.

Inventory:

Hand Weapons
 a - a +0 war axe (weapon)
Missiles
 d - 3 throwing nets (quivered)
Armour
 b - a +0 leather armour (worn)
 g - a scarf of repulsion (worn)
Potions
 j - 2 potions of agility
 o - a potion of berserk rage {unknown}
Comestibles
 f - 4 rations


   Skills:
 + Level 2.4 Fighting
 + Level 4.0 Axes
 - Level 1.7 Throwing
 + Level 1.9 Armour
 + Level 3.0 Dodging


You had 4 spell levels left.
You didn't know any spells.
Your spell library was empty.

Dungeon Overview and Level Annotations

Branches:
Dungeon (3/15)

Altars:
Nemelex Xobeh
Uskayaw

Annotations:
D:3 Sigmund


Innate Abilities, Weirdness & Mutations

You cannot wear boots.
Your serpentine skin is tough. (AC +1)
You have supernaturally acute eyesight. (SInv)
Armour fits poorly on your strangely shaped body.
Your system is resistant to poisons. (rPois)
You cover ground very slowly.
You have a slow metabolism.
You can spit poison.
You have a pair of small antennae on your head.
You are partially covered in rugged brown scales. (AC +1, +3% HP)
You expend magic power (3 MP) to strengthen your wands.


Message History

Aim: Sigmund, wielding a +0 scythe of venom and wearing a +0 robe (almost dead, slightly transparent)
The splash of poison misses Sigmund.
You feel slightly more hungry.
You feel sick. Sigmund barely misses you.
You hit Sigmund.
Sigmund is almost dead.
You feel sick. Sigmund casts a spell at you. The puff of flame hits you.
* * * LOW HITPOINT WARNING * * *
It was a potion of flight.
You feel very buoyant.
You fly up into the air.
You feel sick.
Sigmund hits you with a +0 scythe of venom.
* * * LOW HITPOINT WARNING * * *
You hit Sigmund.
Sigmund is almost dead.
* * * LOW HITPOINT WARNING * * *
You feel sick.
Sigmund hits you with a +0 scythe of venom.
You die...

#...†..# ######.....
##......###....#....%
...............>.[.....
####........#....#.....
###......###....#.....
.........# #.....#....
.##......# #..........
#...†..###.#........
#...†@@##..))#....##
..##...###....#......#
............##........#
..........####.....#..#
........<... .....##..#
.............#..<.# h..
.........##.......# .
...##..?.........!#
##........ #...##.)


You could see Sigmund (invisible).

Vanquished Creatures
  Jessica (D:3)
  3 adders
  2 worms (D:2)
  A dart slug (D:1)
  A leopard gecko (D:2)
  5 orcs
  A ball python (D:2)
  7 bats
  3 giant cockroaches
  3 goblins
  8 jackals
  A quokka (D:2)
  9 frilled lizards
  8 kobolds
  6 rats
59 creatures vanquished.

Notes
Turn   | Place    | Note
-------+----------+-------------------------------------------
     0 | D:1      | Revguard the Naga Gladiator began the quest for the Orb.
     0 | D:1      | Reached XP level 1. HP: 19/19 MP: 1/1
   100 | D:1      | Reached XP level 2. HP: 9/26 MP: 2/2
   503 | D:1      | Reached skill level 1 in Armour
   859 | D:1      | Reached XP level 3. HP: 29/32 MP: 3/3
   941 | D:1      | Gained mutation: You are partially covered in rugged brown
                  | scales. (AC +1, +3% HP) [potion of mutation]
   941 | D:1      | Gained mutation: You expend magic power (3 MP) to
                  | strengthen your wands. [potion of mutation]
   941 | D:1      | Gained mutation: You have a pair of small antennae on your
                  | head. [potion of mutation]
  1192 | D:2      | Found a sparkling altar of Nemelex Xobeh.
  1545 | D:2      | Reached XP level 4. HP: 35/40 MP: 4/4
  1582 | D:2      | Found a faded altar of an unknown god.
  1585 | D:2      | Became a worshipper of Uskayaw the Reveler
  1585 | D:2      | Reached * piety under Uskayaw
  1586 | D:2      | Fell from the grace of Uskayaw
  2087 | D:3      | Noticed Jessica
  2096 | D:3      | Killed Jessica
  2116 | D:3      | Noticed Sigmund
  2138 | D:3      | Reached skill level 4 in Axes
  2141 | D:3      | Reached XP level 5. HP: 20/47 MP: 5/5
  2145 | D:3      | Slain by Sigmund

Skill      XL: |  1  2  3  4 |
---------------+-------------+-----
Armour         | 1 |  1.9
Dodging        | 3 |  3.0
Axes           | 4 |  4.0
Fighting       | |  2.4
Throwing       | |  1.7

Action                   |  1- 3 |  4- 6 || total
-------------------------+-------+-------++-------
Melee: War axe           |   103 |    46 ||   149
Invok: Renounce Religion |       |     1 ||     1
 Abil: Spit Poison       |     5 |     4 ||     9
  Use: Potion            |     4 |     2 ||     6
       Scroll            |       |     4 ||     4
 Stab: Sleeping          |     1 |       ||     1
  Eat: Chunk             |     1 |     1 ||     2
Armor: Leather armour    |    50 |    29 ||    79
Dodge: Dodged            |    82 |    46 ||   128
       Deflected         |     2 |     1 ||     3
